 Dungeon Crawl Stone Soup version 0.17-a0-1184-gb75be8f (webtiles) character file.

46 Fluffy the Ducker (level 3, 0/28 HPs)
             Began as a Demonspawn Gladiator on June 1, 2015.
             Slain by a gnoll
             ... wielding a +0 whip
              (2 damage)
             ... on level 2 of the Dungeon.
             The game lasted 00:03:22 (1552 turns).

Fluffy the Ducker (Demonspawn Gladiator)            Turns: 1552, Time: 00:03:22

Health: 0/28       AC:  9    Str: 16    XL:     3   Next: 44%
Magic:  3/3        EV:  7    Int:  9    God:
Gold:   65         SH:  0    Dex: 13    Spells: 0 memorised, 2 levels left

rFire  . . .     SeeInvis .     a - +1 long sword
rCold  . . .     Clarity  .     m - +0 chain mail
rNeg   . . .     SustAt   .     (no shield)
rPois  .         Gourm    .     (helmet restricted)
rElec  .         Spirit   .     (no cloak)
rCorr  .         Warding  .     (no gloves)
rMut   .         Stasis   .     b - +0 pair of boots
MR     .....                    (no amulet)
Stlth  ..........               (no ring)
                                (no ring)

@: not resistant to hostile enchantments, extremely unstealthy
A: antennae 1, demonic guardian 1
a: no special abilities


You were on level 2 of the Dungeon.
You were not hungry.

You visited 1 branch of the dungeon, and saw 3 of its levels.

You collected 65 gold pieces.

Inventory:

Hand weapons
 a - a +1 long sword (weapon)
Missiles
 d - 3 throwing nets (quivered)
Armour
 b - a +0 pair of boots (worn)
 m - a +0 chain mail (worn)
Scrolls
 f - 4 scrolls of remove curse
 g - 3 scrolls of teleportation
 i - 2 scrolls of amnesia
Potions
 c - a potion of resistance
 j - a potion of curing
 l - a potion of lignification {unknown}
Comestibles
 e - a bread ration


   Skills:
 + Level 2.5 Fighting
 + Level 3.1 Long Blades
 - Level 1.7 Throwing
 + Level 1.2 Armour
 + Level 3.1 Dodging


You had 2 spell levels left.
You didn't know any spells.

Dungeon Overview and Level Annotations

Branches:
Dungeon (3/15)

Altars:
Dithmenos
Nemelex Xobeh


Innate Abilities, Weirdness & Mutations

You have a pair of small antennae on your head.
A weak demonic guardian rushes to your aid.


Message History

The gnoll hits you with a whip.
* * * LOW HITPOINT WARNING * * *
The goblin hits your crimson imp but does no damage.
Your crimson imp hits the goblin.
The gnoll hits you from afar with a halberd.
* * * LOW HITPOINT WARNING * * *
The goblin barely misses your crimson imp.
The gnoll hits you with a whip.
* * * LOW HITPOINT WARNING * * *
You climb upwards.
Your summoned ally is left behind.
There is a stone staircase leading down here.
Eat which item? (? for menu, Esc to quit)
The gnoll hits you but does no damage.
You continue eating.
The gnoll hits you but does no damage.
You continue eating.
The gnoll hits you but does no damage.
You finish eating.
That meat ration really hit the spot!
You hit the gnoll but do no damage. The gnoll hits you with a whip.
You die...

#################.#
#.................#
#.#################
#...............# ###
###############.#####.)
#......................
#.#####.###.....#....<#
#.#...#>...............
#.##..@g.##.##......#.#
#.###..#.##.##.######.#
#.# ##.#.##.##.# ####(.
#.####.#.##.##.# #..<##
#........##.##.# #.....
######.####.##.# #.....
#......# #.##.# ##..[.
#.###### #.##.# #....
#.# #.##.# #....


You could see a gnoll.

Vanquished Creatures
  An ooze (D:1)
  A worm (D:2)
  5 giant cockroaches (D:1)
  6 hobgoblins
  6 kobolds
  6 bats
  2 giant newts (D:1)
  4 rats
31 creatures vanquished.

Vanquished Creatures (collateral kills)
  A gnoll (D:3)
1 creature vanquished.

Grand Total: 32 creatures vanquished

Notes
Turn   | Place    | Note
--------------------------------------------------------------
     0 | D:1      | Fluffy the Demonspawn Gladiator began the quest for the Orb.
     0 | D:1      | Reached XP level 1. HP: 16/16 MP: 1/1
   113 | D:1      | Found a sparkling altar of Nemelex Xobeh.
   128 | D:1      | Gained mutation: A weak demonic guardian rushes to your aid. [demonic ancestry]
   128 | D:1      | Reached XP level 2. HP: 13/22 MP: 2/2
   421 | D:1      | Reached skill level 3 in Dodging
   470 | D:1      | Reached skill level 1 in Armour
   754 | D:2      | Gained mutation: You have a pair of small antennae on your head. [demonic ancestry]
   754 | D:2      | Reached XP level 3. HP: 24/28 MP: 3/3
  1533 | D:3      | Found a shadowy altar of Dithmenos.
  1552 | D:2      | Slain by a gnoll

Vault maps used:
D:1:      dpeg_arrival_leaves_temple_mockup, nemelex_xobeh_ov_fountains_minmay
D:3:      vehumet_crystals, nicolae_dithmenos_shadow_blocks, first_bread,
          gup_sewer_entry_pipe, kennysheep_jessica_study

Action                   || total
-------------------------++-------
Melee: Long sword        ||   108
  Use: Scroll            ||     8
  Eat: Meat ration       ||     1
